 Dungeon Crawl Stone Soup version 0.31-a0-523-g071a6c1ffa (webtiles) character file.

Game seed: 10369321720966962651

20 Shayle the Changeling (level 2, -4/29 HPs)
             Began as an Ogre Shapeshifter on Aug 11, 2023.
             Slain by a gnoll
             ... wielding a +0 flail
              (5 damage)
             ... on level 1 of the Dungeon.
             The game lasted 00:00:37 (584 turns).

Shayle the Changeling (Ogre Shapeshifter)            Turns: 584, Time: 00:00:38

Health: -4/29      AC:  3    Str: 18    XL:     2   Next: 79%
Magic:  3/3        EV:  9    Int:  9    God:
Gold:   19         SH:  0    Dex:  9    Spells: 3/3 levels left

rFire   . .          .
                       - Unarmed
rCold   . . .        (no shield)
rNeg    . . .        a - +0 animal skin
rPois   .            (helmet currently unavailable)
rElec   .            (cloak currently unavailable)
rCorr   .            (gloves unavailable)
SInv    .            (boots unavailable)
Will    .....        (no amulet)
Stlth   +            (no ring)
HPRegen 0.24/turn    (no ring)
MPRegen 0.08/turn

%: no passive effects
@: beast-form
A: beast (slay +2), large, unfitting armour, tough skin 1
a: Begin Untransformation


You were on level 1 of the Dungeon.
You were a hulking beast.
You visited 1 branch of the dungeon, and saw 1 of its levels.

You collected 19 gold pieces.

Inventory:

Armour
 a - a +0 animal skin (worn)
Talismans
 c - a beast talisman (active)
 d - a flux talisman
Scrolls
 e - a scroll of noise {unknown}
 f - a scroll of brand weapon {unknown}
Potions
 b - a potion of lignification


   Skills:
 + Level 2.4 Fighting
 - Level 1.7 Dodging
 + Level 3.0 Unarmed Combat
 + Level 1.2 Spellcasting
 - Level 3.0 Shapeshifting


You had 3 spell levels left.
You didn't know any spells.
Your spell library contained the following spells:

 Spells                   Type           Power      Damage    Failure   Level
 Magic Dart               Conj           0%         1d3       36%         1
 Searing Ray              Conj           0%         2d4       50%         2
 Fulminant Prism          Conj/Hex       0%         3d5       98%         4


Dungeon Overview and Level Annotations

Branches:
Dungeon (1/15)

Altars:


Innate Abilities, Weirdness & Mutations

You are a hulking beast.
Your limbs bulge with bestial killing power. (Slay +2)
You are too large for most types of armour.
You have tough skin. (AC +1)


Message History

You kill the goblin!
You see here a +0 dagger.
A giant cockroach, a rat and a gnoll come into view.
The gnoll shouts!
There are monsters nearby!
You barely miss the gnoll. The gnoll barely misses you.
There are monsters nearby!
You hit the gnoll.
The gnoll is heavily wounded.
The gnoll hits you with a +0 flail.
There are monsters nearby!
You barely miss the gnoll.
The gnoll is heavily wounded.
The giant cockroach bites you but does no damage.
The gnoll hits you with a +0 flail!
You barely miss the gnoll.
The gnoll is heavily wounded.
The giant cockroach bites you but does no damage.
The gnoll barely misses you.
You hit the gnoll.
The gnoll is severely wounded.
The giant cockroach closely misses you. The gnoll closely misses you.
The giant cockroach bites you but does no damage.
You barely miss the gnoll.
The gnoll is severely wounded.
The giant cockroach bites you but does no damage.
The gnoll hits you with a +0 flail.
You closely miss the gnoll.
The gnoll is severely wounded.
The giant cockroach bites you but does no damage.
The gnoll hits you with a +0 flail.
You barely miss the gnoll.
The gnoll is severely wounded.
The giant cockroach bites you. The gnoll hits you with a +0 flail!
* * * LOW HITPOINT WARNING * * *
You barely miss the gnoll.
The gnoll is severely wounded.
The giant cockroach bites you but does no damage.
The gnoll hits you with a +0 flail.
You die...

.# ################
.....).........#
##############.# ..#
#.######## #.#
#......... #.#
#..######## #.#
#..###..... #.######.
#..hBr...#
#................g....+
#..........###........#
........# #.....?...#
........# #.........#
......... ....!......
...#####. .#.#######.#
...# ..#. .# #..#


You could see a gnoll, a giant cockroach and a rat.

Vanquished Creatures
  2 bats (D:1)
  2 giant cockroaches (D:1)
  3 goblins (D:1)
  3 hobgoblins (D:1)
  3 jackals (D:1)
  A quokka (D:1)
  A kobold (D:1)
15 creatures vanquished.

Notes
Turn   | Place    | Note
-------+----------+-------------------------------------------
     0 | D:1      | Shayle the Ogre Shapeshifter began the quest for the Orb.
     0 | D:1      | Reached XP level 1. HP: 19/19 MP: 1/1
   257 | D:1      | Reached XP level 2. HP: 28/28 MP: 3/3
   275 | D:1      | Reached skill level 1 in Spellcasting
   583 | D:1      | HP: 1/29 [gnoll/+0 flail (11)]
   584 | D:1      | Slain by a gnoll

Illustrated notes

Levels and vault maps discovered:
D:1:      dpeg_arrival_morbid_curiosity, layout_basic

Skill      XL: |  1  2 |
---------------+-------+-----
Fighting       | 2 |  2.4
Spellcasting   | 1 |  1.2
Unarmed Combat | 3 |  3.0
Dodging        | |  1.7
Shapeshifting  | |  3.0

Action                     || total
---------------------------++-------
  Melee: Unarmed           ||    52
 Armour: Animal skin       ||    22
  Dodge: Dodged            ||    35

Table legend: (Time is in decaauts)
 A = Elapsed time spent in this place.
 B = Non-inter-level travel time spent in this place.
 C = Inter-level travel time spent in this place.
 D = Time resting spent in this place.
 E = Time spent auto-exploring this place.
 F = Levels seen in this place.
 G = Mean time per level.
                   A        B        C        D        E       F      G
               +--------+--------+--------+--------+--------+-----+--------+
         Total |    581 |    581 |      0 |      0 |    490 |   1 |  581.0 |
       Dungeon |    581 |    581 |      0 |      0 |    490 |   1 |  581.0 |
               +--------+--------+--------+--------+--------+-----+--------+

Top non-repeatable levels by time:
     D:1: 581 daAuts
